 Dungeon Crawl Stone Soup version 0.29.1-15-g9cfb28693d (webtiles) character file.

Game seed: 16948920119474571962

137 Wiggles the Chopper (level 5, -11/45 HPs)
             Began as a Minotaur Berserker on Mar 29, 2023.
             Was a Priest of Trog.
             Killed by divine providence
             ... invoked by an orc priest
              (14 damage)
             ... on level 3 of the Dungeon.
             The game lasted 00:03:42 (2327 turns).

Wiggles the Chopper (Minotaur Berserker)            Turns: 2327, Time: 00:03:42

Health: -11/45     AC: 11    Str: 24    XL:     5   Next: 0%
Magic:  4/4        EV:  7    Int:  4    God:    Trog [***...]
Gold:   169        SH:  0    Dex:  9    Spells: 4/4 levels left

rFire   . . .      SeeInvis .   a - +0 hand axe
rCold   . . .      Faith    +   (no shield)
rNeg    + . .      Spirit   .   i - +0 plate armour
rPois   .          Reflect  .   (helmet restricted)
rElec   .          Harm     .   (no cloak)
rCorr   .          Rampage  .   (no gloves)
Will    .....                   (no boots)
Stlth   ..........              n - amulet of faith
HPRegen 0.15/turn               j - ring of positive energy
MPRegen 0.09/turn               (no ring)

@: no status effects
A: horns 2, retaliatory headbutt
a: Renounce Religion, Berserk, Trog's Hand


You were on level 3 of the Dungeon.
You worshipped Trog.
Trog was most pleased with you.
You visited 1 branch of the dungeon, and saw 3 of its levels.

You collected 169 gold pieces.

Inventory:

Hand Weapons
 a - a +0 hand axe (weapon)
Missiles
 h - 3 boomerangs (quivered)
Armour
 i - a +0 plate armour (worn)
Jewellery
 c - a ring of protection from fire
 j - a ring of positive energy (left hand)
 k - a ring of ice
 m - an amulet of magic regeneration
 n - an amulet of faith (around neck)
Scrolls
 d - 2 scrolls of vulnerability {unknown}
 e - 2 scrolls of enchant weapon {unknown}
 o - a scroll of fear {unknown}
 p - 3 scrolls of teleportation {unknown}
 r - a scroll of noise {unknown}
 s - a scroll of fog {unknown}
 t - 3 scrolls of magic mapping {unknown}
Potions
 b - 2 potions of heal wounds {unknown}
 f - a potion of lignification {unknown}
 g - a potion of mutation {unknown}
 l - a potion of degeneration {unknown}
 q - a potion of attraction {unknown}
 u - a potion of curing {unknown}


   Skills:
 - Level 3.6 Fighting
 + Level 5.6 Axes
 + Level 3.0 Throwing
 - Level 2.4 Armour
 - Level 2.1 Dodging


You had 4 spell levels left.
You didn't know any spells.
Your spell library was empty.

Dungeon Overview and Level Annotations

Branches:
Dungeon (3/15)

Altars:
Nemelex Xobeh
Ru


Innate Abilities, Weirdness & Mutations

You have a pair of horns on your head.
You reflexively headbutt those who attack you in melee.


Message History

You open the door. 2 orcs come into view.
The orc shouts! x2
An orc priest comes into view. It is wielding a +0 club.
There is an open door here.
You throw a boomerang. The boomerang hits the orc!
You kill the orc!
Trog accepts your kill.
An orc priest comes into view. It is wielding a +0 club.
You throw a boomerang. The orc priest shouts!
The boomerang hits the orc!
You kill the orc!
Trog accepts your kill.
Your Throwing skill increases to level 3!
You have reached level 5!
You throw a boomerang. The boomerang hits the orc priest!
The orc priest is severely wounded.
The orc priest calls upon Beogh to heal the orc priest.
The orc priest is healed somewhat.
The orc priest mumbles some strange prayers to Beogh against you.
Beogh smites you!
The orc priest calls down the wrath of Beogh upon you.
Beogh smites you!
You are too injured to fight recklessly!
The orc priest looks encouraged for a moment.
The orc priest barely misses you.
You closely miss the orc priest. Your headbutt misses the orc priest.
The orc priest hits you but does no damage.
You closely miss the orc priest. You headbutt the orc priest.
The orc priest is moderately wounded.
The orc priest hits you with a +0 club.
You slash the orc priest!
The orc priest is almost dead.
The orc priest mumbles some strange prayers to Beogh against you.
Beogh smites you!
* * * LOW HITPOINT WARNING * * *
The orc priest mumbles some strange prayers to Beogh against you.
Beogh smites you!
You die...

≈##.##≈# .#
........#......#
≈#≈.≈#≈# .#
###.#.#.#......#
≈#≈_≈#≈#
.#.#.###.#.#.#......#
≈#≈≈≈#≈#
.#.......#.#.#......#.
≈#####≈#
#.................. ≈≈
≈≈#
#.#######.#.#..#.#.>.
#........<#......#..#
######..........#...
#oo@..........### ##
#'###########.#
#...........# #.#
#....^......# #.#
#...........# #.#
#........o..# #.#
#.......o.).# #.#
#.........).# #..
#...........#


You could see 2 orc priests.

Vanquished Creatures
  An iguana (D:3)
  Robin (D:3)
  3 adders
  A worm (D:2)
  2 orcs (D:3)
  9 endoplasms
  2 giant cockroaches (D:1)
  10 goblins
  8 hobgoblins
  A quokka (D:1)
  3 ball pythons
  11 bats
  4 frilled lizards
  6 kobolds
  4 rats
  A spectral hobgoblin (D:3)
67 creatures vanquished.

Notes
Turn   | Place    | Note
-------+----------+-------------------------------------------
     0 | D:1      | Wiggles the Minotaur Berserker began the quest for the Orb.
     0 | D:1      | Reached XP level 1. HP: 19/19 MP: 0/0
   165 | D:1      | Reached skill level 4 in Axes
   195 | D:1      | Reached XP level 2. HP: 26/26 MP: 1/1
   924 | D:2      | Reached skill level 1 in Throwing
   924 | D:2      | Reached XP level 3. HP: 31/31 MP: 2/2
   934 | D:2      | Reached skill level 5 in Axes
  1004 | D:2      | Reached ** piety under Trog
  1942 | D:3      | Reached XP level 4. HP: 39/39 MP: 3/3
  1945 | D:3      | Found a faded altar of an unknown god.
  2005 | D:3      | Found a sparkling altar of Nemelex Xobeh.
  2005 | D:3      | Found a sacrificial altar of Ru.
  2015 | D:3      | Noticed Robin
  2031 | D:3      | Killed Robin
  2085 | D:3      | Reached *** piety under Trog
  2090 | D:3      | Identified the +9 spear of Dullness {vorpal, *Noise rN+
                  | Str+2 Dex+7}
  2317 | D:3      | Reached XP level 5. HP: 45/45 MP: 4/4
  2327 | D:3      | Killed from afar by an orc priest

Illustrated notes

Levels and vault maps discovered:
D:1:      dpeg_arrival_three_same_balls, layout_basic
D:2:      layout_basic, minmay_misc_feat_pillars
D:3:      layout_basic, nicolae_overflow_two_pavilions,
          dreamdust_ecumenical_altar_drowned_temple, gammafunk_ghost_smash,
          serial_shops, nicolae_shop_hallway_plus, nrook_mini_vaults, uniq_robin

Skill      XL: |  1  2  3  4 |
---------------+-------------+-----
Axes           | 4 5 |  5.6
Throwing       | 1 2 3 |  3.0
Fighting       | |  3.6
Armour         | |  2.4
Dodging        | |  2.1

Action                   |  1- 3 |  4- 6 || total
-------------------------+-------+-------++-------
Melee: Hand axe          |    74 |    37 ||   111
       Headbutt          |     6 |     7 ||    13
       Punch             |       |     1 ||     1
Throw: Boomerang         |    45 |     3 ||    48
Invok: Berserk           |       |     1 ||     1
Armor: Plate armour      |    65 |    13 ||    78
Dodge: Dodged            |    39 |    10 ||    49
